 Dungeon Crawl Stone Soup version 0.31-a0-198-g2ad674f65e (webtiles) character file.

Game seed: 6685205903604276436

130 qw the Skirmisher (level 4, -1/25 HPs)
             Began as a Deep Elf Hunter on June 25, 2023.
             Slain by an ogre
             ... wielding a +0 giant club
              (23 damage)
             ... on level 4 of the Dungeon.
             The game lasted 00:00:46 (1972 turns).

qw the Skirmisher (Deep Elf Hunter)                 Turns: 1972, Time: 00:00:47

Health: -1/25      AC: 10    Str: 10    XL:     4   Next: 90%
Magic:  6/6        EV: 11    Int: 14    God:
Gold:   94         SH:  0    Dex: 18    Spells: 3/3 levels left

rFire   . . .        Y - +0 shortbow
rCold   + . .        (shield currently unavailable)
rNeg    . . .        a - +1 ring mail {rC+}
rPois   .            j - +2 hat
rElec   .            i - +1 cloak
rCorr   .            (no gloves)
SInv    .            (no boots)
Will    .....        (no amulet)
Stlth   +            (no ring)
HPRegen 0.24/turn    (no ring)
MPRegen 0.10/turn

%: no passive effects
@: no status effects
A: no striking features
a: no special abilities


You were on level 4 of the Dungeon.
You visited 1 branch of the dungeon, and saw 4 of its levels.

You collected 148 gold pieces.
You spent 54 gold pieces at shops.


   Skills:
 - Level 1.5 Fighting
 + Level 8.3 Ranged Weapons
 - Level 2.4 Dodging
 - Level 1.2 Stealth


You had 3 spell levels left.
You didn't know any spells.
Your spell library was empty.

Inventory:

Hand Weapons
 Y - a +0 shortbow (weapon)
Armour
 a - a +1 ring mail of cold resistance (worn)
 i - a +1 cloak (worn)
 j - a +2 hat (worn)
Scrolls
 b - a scroll of identify
 k - a scroll of teleportation
Potions
 e - a potion of brilliance {unknown}
 f - 2 potions of curing
 h - a potion of ambrosia {unknown}
 m - a potion of heal wounds

Dungeon Overview and Level Annotations

Branches:
Dungeon (4/15)
 Temple: D:4-7

Altars:
Ashenzari
Wu Jian
Yredelemnul
The Shining One

Shops:
D:1 [   D:2 [


Message History

The arrow closely misses the hobgoblin.
You shoot an arrow. The arrow hits the hobgoblin.
The hobgoblin is moderately wounded.
The hobgoblin hits you.
The goblin unwields a +0 dagger.
The goblin wields a +0 sling.
The goblin shoots a sling bullet.
The sling bullet misses you.
You shoot an arrow. The arrow closely misses the hobgoblin.
The hobgoblin barely misses you.
You shoot an arrow. The arrow closely misses the hobgoblin.
The hobgoblin closely misses you.
The goblin shoots a sling bullet.
The sling bullet closely misses you.
The sling bullet barely misses the hobgoblin.
You shoot an arrow. The arrow hits the hobgoblin.
You kill the hobgoblin!
A scorpion comes into view.
The ball python barely misses you. x2; The hobgoblin barely misses you.
You shoot an arrow. The arrow hits the hobgoblin.
The hobgoblin is almost dead.
The ball python bites you but does no damage.
The ball python grabs you. The ball python constricts you.
An orc comes into view. It is wielding a +0 dagger.
The hobgoblin hits you but does no damage.
The ball python bites you. The ball python constricts you.
You shoot an arrow. The orc shouts!
The arrow hits the ball python but does no damage.
You hear a shout!
The ogre closely misses you.
The hobgoblin hits you but does no damage.
The ball python bites you. The ball python constricts you.
The hobgoblin closely misses you.
You shoot an arrow. The arrow hits the ball python!
You kill the ball python!
The ogre barely misses you.
The hobgoblin hits you but does no damage.
The goblin shoots a sling bullet.
The sling bullet closely misses you.
1972 ||| STAIRDANCE The ogre hits you with a +0 giant club!!
Ouch! That really hurt!
You die...

.... .[.. ....
... ..#
#####s.###
...##...Og...#
#....%@....#
#.....g.....#
..............#
#...........o..
..........###..
.........## .
.#.##....# ##
#.##.#


You could see an ogre, a scorpion, an orc, a hobgoblin and a goblin.

Vanquished Creatures
  3 gnolls (D:3)
  3 adders
  A worm (D:2)
  2 dart slugs
  An orc (D:3)
  4 ball pythons
  8 endoplasms
  3 giant cockroaches
  11 goblins
  10 hobgoblins
  A quokka (D:1)
  4 bats
  A frilled lizard (D:1)
  4 kobolds
  6 rats
62 creatures vanquished.

Notes
Turn   | Place    | Note
-------+----------+-------------------------------------------
     0 | D:1      | qw the Deep Elf Hunter began the quest for the Orb.
     0 | D:1      | Reached XP level 1. HP: 12/12 MP: 3/3
     0 | D:1      | 0 ||| qw: Version: 0.3-a-22-g0ed2b0b
     0 | D:1      | 0 ||| qw: Game counter: 5021
     0 | D:1      | 0 ||| qw: Melee chars always use a shield: true
     0 | D:1      | 0 ||| qw: God list: Okawaru
     0 | D:1      | 0 ||| qw: Allow faded altars: false
     0 | D:1      | 0 ||| qw: Do Orc after clearing Dungeon:15 true
     0 | D:1      | 0 ||| qw: Do second Lair branch before Depths: true
     0 | D:1      | 0 ||| qw: Lair rune preference: random
     0 | D:1      | 0 ||| qw: Goals: Normal
     0 | D:1      | 0 ||| PLANNING D:1-11
   130 | D:1      | Reached XP level 2. HP: 16/16 MP: 4/4
   135 | D:1      | Reached skill level 6 in Ranged Weapons
   205 | D:1      | Found Ufaggeq's Antique Armour Shop.
   211 | D:1      | 211 ||| SHOPLISTING cloak (121 gold, have 10).
   211 | D:1      | 211 ||| SHOPLISTING ring mail (108 gold, have 10).
   488 | D:1      | Reached XP level 3. HP: 20/20 MP: 5/5
   693 | D:1      | 693 ||| UPGRADING to +0 ring mail.
   703 | D:1      | 703 ||| DROPPING +0 leather armour.
   704 | D:1      | 704 ||| UPGRADING to +2 hat.
   709 | D:1      | 709 ||| READING scroll labelled CAXYTHELIE.
   710 | D:1      | 710 ||| READING scroll labelled SIW GATWIGRUSH.
   715 | D:1      | 715 ||| DROPPING scroll of butterflies.
   744 | D:2      | Reached skill level 7 in Ranged Weapons
   826 | D:2      | Found a broken altar of Ashenzari.
  1161 | D:2      | Found Athek's Armour Boutique.
  1166 | D:2      | 1166 ||| BUYING +0 cloak (54 gold).
  1166 | D:2      | Bought a +0 cloak for 54 gold pieces
  1166 | D:2      | 1166 ||| SHOPLISTING +0 pair of gloves (54 gold, have 12).
  1166 | D:2      | 1166 ||| SHOPLISTING +2 ring mail of cold resistance (252
                  | gold, have 12).
  1231 | D:2      | 1231 ||| UPGRADING to +0 cloak.
  1236 | D:2      | 1236 ||| READING 2 scrolls labelled ANANEU XOHOGIH.
  1237 | D:2      | 1237 ||| READING scroll of enchant armour.
  1237 | D:2      | 1237 ||| ENCHANTING +0 cloak.
  1238 | D:2      | 1238 ||| DRINKING 3 inky potions.
  1239 | D:2      | 1239 ||| READING 2 scrolls of identify.
  1239 | D:2      | 1239 ||| IDENTIFYING murky purple potion
  1327 | D:3      | Reached XP level 4. HP: 25/25 MP: 6/6
  1409 | D:3      | Found an ornate altar of the Wu Jian Council.
  1519 | D:3      | Found a glowing golden altar of the Shining One.
  1521 | D:3      | Noticed an angel
  1550 | D:3      | Found a basalt altar of Yredelemnul.
  1639 | D:3      | HP: 4/25 [gnoll/+0 flail (9)]
  1640 | D:3      | 1640 ||| DRINKING potion of heal wounds.
  1721 | D:3      | Reached skill level 8 in Ranged Weapons
  1936 | D:3      | 1936 ||| UPGRADING to +1 ring mail of cold resistance.
  1946 | D:3      | 1946 ||| DROPPING +0 ring mail.
  1947 | D:3      | 1947 ||| READING 3 scrolls labelled EVOILIMPIOGG.
  1948 | D:3      | 1948 ||| READING scroll labelled GEARIG PODDIUG.
  1949 | D:3      | 1949 ||| READING 2 scrolls of identify.
  1949 | D:3      | 1949 ||| IDENTIFYING bubbling puce potion
  1950 | D:3      | 1950 ||| DROPPING 2 scrolls of fog.
  1951 | D:3      | 1951 ||| DROPPING potion of invisibility.
  1963 | D:4      | Noticed an ogre
  1968 | D:4      | Noticed a scorpion
  1972 | D:4      | 1972 ||| STAIRDANCE
  1972 | D:4      | Slain by an ogre

Levels and vault maps discovered:
D:1:      wheals_arrival_shading, layout_basic, serial_shops, shop,
          minmay_split_cup_large
D:2:      layout_basic, serial_shops, nicolae_shop_pleasant_corner_grove,
          basic_altar, minmay_pentomino_u4
D:3:      layout_rooms, grunt_temple_overflow_holy_war,
          nicolae_wu_jian_immortal_techniques, minmay_unequal
D:4:      layout_cave_pools, mainiacjoe_overflow_paths

Skill      XL: |  1  2  3  4 |
---------------+-------------+-----
Ranged Weapons | 6 7 8 |  8.3
Fighting       | |  1.5
Dodging        | |  2.4
Stealth        | |  1.2

Action                     |  1- 3 |  4- 6 || total
---------------------------+-------+-------++-------
   Fire: Shortbow          |   105 |    58 ||   163
    Use: Scroll            |     5 |     3 ||     8
         Potion            |     1 |     1 ||     2
 Armour: Ring mail         |     8 |    20 ||    28
  Dodge: Dodged            |    26 |    33 ||    59

Table legend:
 A = Non-vault XP
 B = Vault XP
 C = Vault XP percentage of total XP
 D = Non-vault monster count
 E = Vault monster count
 F = Vault count percentage of total count
                 A         B        C        D         E       F
            +---------+---------+-------+---------+---------+-------
      Total |     148 |      39 |  20.9 |      49 |      13 |  21.0
            +---------+---------+-------+---------+---------+-------
        D:1 |      39 |      11 |  22.0 |      23 |       5 |  17.9
        D:2 |      32 |       8 |  20.0 |      11 |       4 |  26.7
        D:3 |      74 |      20 |  21.3 |      13 |       4 |  23.5
        D:4 |       3 |       0 |   0.0 |       2 |       0 |   0.0
            +---------+---------+-------+---------+---------+-------
